 Dungeon Crawl Stone Soup version 0.28-a0-726-g4a9143789a (webtiles) character file.

Game seed: 14452858395214541709

23 kae the Sneak (level 2, -24/13 HPs)
             Began as a Spriggan Enchanter on Oct 27, 2021.
             Killed by an exploding endoplasm (37 damage)
             ... ignited by their inner flame
             ... on level 1 of the Dungeon.
             The game lasted 00:00:50 (1678 turns).

kae the Sneak (Spriggan Enchanter)                  Turns: 1678, Time: 00:00:50

Health: -24/13     AC:  2    Str:  4    XL:     2   Next: 72%
Magic:  7/7        EV: 17    Int: 16    God:
Gold:   106        SH:  0    Dex: 15    Spells: 5/7 levels left

rFire   . . .      SeeInvis +   a - +1 dagger
rCold   . . .      Faith    .   (shield restricted)
rNeg    . . .      Spirit   .   b - +0 robe
rPois   .          Reflect  .   (helmet restricted)
rElec   .          Harm     .   (no cloak)
rCorr   .          Rampage  .   (gloves unavailable)
Will    .....                   (boots unavailable)
Stlth   +++.......              (no amulet)
HPRegen 0.04/turn               (no ring)
MPRegen 0.10/turn               (no ring)

@: about to teleport, very quick
A: very small, no large weapons, unfitting armour, see invisible, speed 3
a: no special abilities


You were on level 1 of the Dungeon.
You visited 1 branch of the dungeon, and saw 1 of its levels.

You collected 106 gold pieces.

Inventory:

Hand Weapons
 a - a +1 dagger (weapon)
Armour
 b - a +0 robe (worn)
Potions
 c - a potion of invisibility


   Skills:
 * Level 2.1 Short Blades
 - Level 2.6 Dodging
 + Level 4.8 Stealth
 + Level 3.0 Spellcasting
 + Level 3.9 Hexes


You had 5 spell levels left.
You knew the following spells:

 Your Spells              Type           Power      Damage    Failure   Level
a - Ensorcelled Hibernat  Hex/Ice        16%        N/A       13%         2

Your spell library contained the following spells:

 Spells                   Type           Power      Damage    Failure   Level
 Confusing Touch          Hex            15%        N/A       11%         3
 Tukima's Dance           Hex            15%        N/A       11%         3
 Dazzling Flash           Conj/Hex       16%        N/A       26%         3
 Passage of Golubria      Tloc           2%         N/A       88%         4
 Yara's Violent Unravell  Hex/Tmut       4%         3d4       93%         5


Dungeon Overview and Level Annotations

Branches:
Dungeon (1/15)

Altars:


Innate Abilities, Weirdness & Mutations

You are very small and have problems with some larger weapons.
You are too small for most types of armour.
You have supernaturally acute eyesight. (SInv)
You cover ground extremely quickly. (Speed+++)


Message History

Done exploring.
No target in view!
No target in view!
Done exploring.
Done exploring.
Done exploring.
No target in view!
No target in view!
(D) Dungeon
Where to? (? - help)
A bat is nearby!
Okay, then.
You aren't carrying any pieces of jewellery.
Unknown command.
No target in view!
No target in view!
No target in view!
No target in view!
Done exploring.
Done exploring.
Done exploring.
No target in view!
No target in view!
As you read the scroll labelled XEJULAR YN ZAM, it crumbles to dust.
Wisps of shadow whirl around you...
It was a scroll of summoning.
Done exploring.
Done exploring.
As you read the scroll labelled DIAFEPSEPH, it crumbles to dust.
You feel strangely unstable.
It was a scroll of teleportation.
Something barely misses your endoplasm. x2
As you read the scroll labelled VOCREM PUV HUMIWOF, it crumbles to dust.
The creatures around you are filled with an inner flame!
It was a scroll of immolation.
The bat hits your endoplasm. Flame seeps out of your endoplasm.
Your endoplasm is engulfed in blazing flames.
Your endoplasm dissolves into shadows!
Your endoplasm explodes!
The fiery explosion engulfs you!!!
Ouch! That really hurt!
You die...

#.##.)#.#######.....#
##.#.#.## ##.....
##...## ######..###
##.## #.......# #.#
#.####..### #.#
#.##......# ####§####
#.##.#....# #.>g§○b.#
#.##......# #.##@##.#
#..........
#.##.##.######.##.#.#
#.##......>....##.#..
#.#####.#########.###
#.#####.# #.#
#.......# #.#
######### #.# ######
######## #....#
#.......


You could see a bat and a friendly goblin (summoned, inner flame).

Vanquished Creatures
  An endoplasm (D:1)
  3 hobgoblins (D:1)
  4 jackals (D:1)
  2 quokkas (D:1)
  A ball python (D:1)
  A bat (D:1)
  A frilled lizard (D:1)
  4 goblins (D:1)
  4 rats (D:1)
21 creatures vanquished.

Notes
Turn   | Place    | Note
-------+----------+-------------------------------------------
     0 | D:1      | kae the Spriggan Enchanter began the quest for the Orb.
     0 | D:1      | Reached XP level 1. HP: 9/9 MP: 5/5
   605 | D:1      | Reached XP level 2. HP: 4/13 MP: 6/6
   608 | D:1      | Learned a level 2 spell: Ensorcelled Hibernation
  1063 | D:1      | Found a faded altar of an unknown god.
  1678 | D:1      | Killed by an exploding endoplasm... ignited by their inner
                  | flame

Illustrated notes

Levels and vault maps discovered:
D:1:      dpeg_arrival_rooms_with_view, layout_loops_corners,
          shapermc_ecumenical_altar_notcrosses, minmay_split_cup_small

Skill      XL: |  1  2 |
---------------+-------+-----
Spellcasting   | 3 |  3.0
Short Blades   | 2 |  2.1
Dodging        | |  2.6
Stealth        | |  4.8
Hexes          | |  3.9

Action                   || total
-------------------------++-------
Melee: Dagger            ||    74
 Cast: Ensorcelled Hiber ||     1
  Use: Scroll            ||     3
 Stab: Sleeping          ||     9
       Distracted        ||     1
Armor: Robe              ||     6
Dodge: Dodged            ||    47

Table legend: (Time is in decaauts)
 A = Elapsed time spent in this place.
 B = Non-inter-level travel time spent in this place.
 C = Inter-level travel time spent in this place.
 D = Time resting spent in this place.
 E = Time spent auto-exploring this place.
 F = Levels seen in this place.
 G = Mean time per level.
                   A        B        C        D        E       F      G
               +--------+--------+--------+--------+--------+-----+--------+
         Total |   1297 |   1279 |     18 |    270 |    846 |   1 | 1297.0 |
       Dungeon |   1297 |   1279 |     18 |    270 |    846 |   1 | 1297.0 |
               +--------+--------+--------+--------+--------+-----+--------+

Top non-repeatable levels by time:
     D:1: 1297 daAuts
